 Dungeon Crawl Stone Soup version 0.28-a0-472-g50180c0d78 (webtiles) character file.

Game seed: 16627031664734681666

329 Jawa73 the Skirmisher (level 6, 0/48 HPs)
             Began as a Demonspawn Abyssal Knight on Sept 15, 2021.
             Was a Priest of Lugonu.
             Slain by Blork the orc (5 damage)
             ... on level 4 of the Dungeon.
             The game lasted 00:09:58 (4534 turns).

Jawa73 the Skirmisher (Demonspawn Abyssal Knight)   Turns: 4534, Time: 00:09:59

Health: 0/48       AC: 10    Str: 14    XL:     6   Next: 25%
Magic:  0/8        EV:  6    Int: 13    God:    Lugonu [***...]
Gold:   75         SH:  0    Dex: 13    Spells: 5/5 levels left

rFire   + . .      SeeInvis .   a - +1 falchion
rCold   . . .      Faith    .   (no shield)
rNeg    . . .      Spirit   +   k - +0 chain mail
rPois   .          Reflect  .   (helmet restricted)
rElec   .          Harm     .   i - +0 cloak
rCorr   .          Rampage  .   (no gloves)
Will    .....                   (no boots)
Stlth   ..........              d - amulet of guardian spirit
HPRegen 0.16/turn               e - ring of flight
MPRegen 0.11/turn               n - ring of protection from fire

@: flying
A: horns 1, spiny 1
a: Renounce Religion, Depart the Abyss, Bend Space, Banish


You were on level 4 of the Dungeon.
You worshipped Lugonu.
Lugonu was most pleased with you.
You visited 1 branch of the dungeon, and saw 4 of its levels.
You visited the Abyss 1 time.

You collected 75 gold pieces.

Inventory:

Hand Weapons
 a - a +1 falchion (weapon)
Missiles
 m - 2 throwing nets
Armour
 i - a +0 cloak (worn)
 k - a +0 chain mail (worn)
Jewellery
 d - an amulet of guardian spirit (around neck)
 e - a ring of flight (left hand)
 n - a ring of protection from fire (right hand)
Scrolls
 g - a scroll of amnesia
 h - 2 scrolls of immolation
 r - 2 scrolls of teleportation {unknown}
Potions
 b - a potion of magic {unknown}
 c - a potion of attraction {unknown}
 f - 2 potions of degeneration
 j - a potion of flight {unknown}
 l - a potion of lignification {unknown}
 o - a potion of heal wounds {unknown}
 p - a potion of haste {unknown}
 q - a potion of curing
 s - a potion of mutation {unknown}


   Skills:
 * Level 4.2 Fighting
 * Level 3.8 Long Blades
 * Level 2.8 Armour
 * Level 2.4 Dodging
 * Level 3.4 Invocations


You had 5 spell levels left.
You didn't know any spells.
Your spell library contained the following spells:

 Spells                   Type           Power      Damage    Failure   Level
 Passage of Golubria      Tloc           N/A        N/A       100%        4
 Silence                  Hex/Air        0%         N/A       100%        5
 Lehudib's Crystal Spear  Conj/Erth      0%         10d2      100%        8


Dungeon Overview and Level Annotations

Branches:
Dungeon (4/15)
 Temple: D:4-7

Altars:
Dithmenos
Fedhas
Gozag
Hepliaklqana
Makhleb
Nemelex Xobeh
Qazlal
Sif Muna
Xom

Annotations:
D:4 Blork the orc


Innate Abilities, Weirdness & Mutations

You have a pair of small horns on your head.
You are partially covered in sharp spines.


Message History

* * * LOW HITPOINT WARNING * * *
It was a potion of curing.
You feel better. Blork the orc casts a spell at you.
The puff of flame hits you. You resist.
* * * LOW HITPOINT WARNING * * *
Blork the orc hits you with a +0 scimitar.
* * * LOW HITPOINT WARNING * * *
Blork the orc is no longer moving quickly.
Blork the orc gestures at you while chanting.
The puff of flame hits you. You resist.
* * * LOW HITPOINT WARNING * * *
Blork the orc casts a spell.
Blork the orc seems to speed up.
Blork the orc frowns.
Blork the orc casts a spell at you. The magic dart hits you.
* * * LOW HITPOINT WARNING * * *
Blork the orc barely misses you.
You feel better. Blork the orc casts a spell at you.
The magic dart hits you but does no damage.
You hit Blork the orc but do no damage.
You headbutt Blork the orc, but do no damage.
Blork the orc hits you but does no damage.
Blork the orc miscasts a cantrip.
You closely miss Blork the orc.
Blork the orc hits you but does no damage.
Blork the orc hits you with a +0 scimitar!
* * * LOW HITPOINT WARNING * * *
Okay, then.
You hit Blork the orc but do no damage. You headbutt Blork the orc.
Blork the orc is lightly wounded.
Blork the orc barely misses you.
You closely miss Blork the orc. You headbutt Blork the orc.
Blork the orc is moderately wounded.
Blork the orc is struck by your spines.
Blork the orc hits you with a +0 scimitar.
* * * LOW HITPOINT WARNING * * *
Blork the orc hits you with a +0 scimitar.
You die...

####...##≈.≈)..≈.≈#
.##..(..#≈..≈≈≈.§§#
........#.≈≈§≈§≈§§#
.##.....#.........##
####.....#########.#
# ###.### #...# #
#.# #..## # #.# #..#
# #.# #@.# #.#
#####o.# ######.#
#......# .......#
#.####.# ########
#.# #.# #.# #.#
#.#####.# #.#
#.......# #.#
#.#####.# #.#


You could see Blork the orc (fast).

Vanquished Creatures
  A crimson imp (D:4)
  A hound (D:3)
  A gnoll shaman (D:4)
  Terence (D:2)
  Robin (D:3)
  6 gnolls
  2 adders (D:2)
  5 dart slugs
  3 orcs
  4 endoplasms
  4 giant cockroaches
  16 goblins
  12 hobgoblins
  12 kobolds
  4 quokkas
  7 ball pythons
  12 bats
  4 frilled lizards
  5 rats
101 creatures vanquished.

Vanquished Creatures (collateral kills)
  An adder (D:2)
1 creature vanquished.

Grand Total: 102 creatures vanquished

Notes
Turn   | Place    | Note
-------+----------+-------------------------------------------
     0 | Abyss:1  | Jawa73 the Demonspawn Abyssal Knight began the quest for
                  | the Orb.
     0 | Abyss:1  | Reached XP level 1. HP: 18/18 MP: 2/2
   228 | Abyss:1  | Noticed a glowing orange brain
   230 | D:1      | Escaped the Abyss
   442 | D:1      | Reached skill level 1 in Dodging
   442 | D:1      | Gained mutation: You have a pair of small horns on your
                  | head. [demonic ancestry]
   442 | D:1      | Reached XP level 2. HP: 15/24 MP: 3/3
  1181 | D:1      | Reached ** piety under Lugonu
  1249 | D:1      | Gained mutation: You are partially covered in sharp spines.
                  | [demonic ancestry]
  1249 | D:1      | Reached XP level 3. HP: 22/29 MP: 4/4
  1724 | D:2      | Reached XP level 4. HP: 26/37 MP: 6/6
  2074 | D:2      | Noticed Terence
  2099 | D:2      | Killed Terence
  2517 | D:3      | Found a blossoming altar of Fedhas.
  2518 | D:3      | Found a stormy altar of Qazlal.
  2518 | D:3      | Found a shadowy altar of Dithmenos.
  2518 | D:3      | Found a sparkling altar of Nemelex Xobeh.
  2552 | D:3      | Reached XP level 5. HP: 42/42 MP: 7/7
  2596 | D:3      | Noticed Robin
  2601 | D:3      | Reached skill level 4 in Fighting
  2614 | D:3      | Reached *** piety under Lugonu
  2620 | D:3      | Killed Robin
  3256 | D:3      | Reached XP level 6. HP: 26/48 MP: 3/8
  3653 | D:3      | Found an opulent altar of Gozag.
  3903 | D:3      | Found a hazy altar of Hepliaklqana.
  4132 | D:4      | Found a shimmering altar of Xom.
  4133 | D:4      | Found a burning altar of Makhleb.
  4226 | D:4      | Found a shimmering blue altar of Sif Muna.
  4499 | D:4      | Noticed Blork the orc
  4527 | D:4      | HP: 2/48 [Blork the orc/magic dart (5)]
  4534 | D:4      | Slain by Blork the orc

Illustrated notes

Levels and vault maps discovered:
D:1:      nzn_arrival_depleted_hourglass, layout_loops_ring
D:2:      layout_rooms, uniq_terence
D:3:      kb_forest_paths, layout_basic, general_overflow_altar,
          nicolae_hepliaklqana_hippocampus,
          chequers_temple_overflow_statue_of_worship, uniq_robin
D:4:      layout_loops_ring, grunt_temple_overflow_champion_of_chaos,
          kennysheep_mini, mainiacjoe_overflow_paths, uniq_blork_the_orc,
          uniq_crazy_yiuf_cottage

Skill      XL: |  1  2  3  4  5 |
---------------+----------------+-----
Dodging        | 1 2 |  2.4
Long Blades    | 2 3 |  3.8
Armour         | 2 |  2.8
Invocations    | 3 |  3.4
Fighting       | 4 |  4.2

Action                   |  1- 3 |  4- 6 || total
-------------------------+-------+-------++-------
Melee: Falchion          |   114 |   128 ||   242
       Headbutt          |    10 |    22 ||    32
Invok: Bend Space        |       |     1 ||     1
  Use: Scroll            |     2 |     3 ||     5
       Potion            |       |     2 ||     2
Armor: Leather armour    |    29 |     2 ||    31
       Chain mail        |       |    81 ||    81
Dodge: Dodged            |    76 |    53 ||   129

Table legend: (Time is in decaauts)
 A = Elapsed time spent in this place.
 B = Non-inter-level travel time spent in this place.
 C = Inter-level travel time spent in this place.
 D = Time resting spent in this place.
 E = Time spent auto-exploring this place.
 F = Levels seen in this place.
 G = Mean time per level.
                   A        B        C        D        E       F      G
               +--------+--------+--------+--------+--------+-----+--------+
         Total |   4585 |   4488 |     97 |    669 |   3019 |   5 |  917.0 |
       Dungeon |   4355 |   4258 |     97 |    456 |   3019 |   4 | 1088.8 |
         Abyss |    230 |    230 |      0 |    213 |      0 |   1 |  230.0 |
               +--------+--------+--------+--------+--------+-----+--------+

Top non-repeatable levels by time:
     D:1: 1344 daAuts
     D:3: 1178 daAuts
     D:4: 996 daAuts
     D:2: 836 daAuts
 Abyss:1: 230 daAuts
